 Dungeon Crawl Stone Soup version 0.27.0-1-g7a089689b8 (webtiles) character file.

Game seed: 12145534618608033715

127 Descartes the Ducker (level 4, -8/21 HPs)
             Began as a Felid Monk on Aug 1, 2021.
             Killed by divine providence
             ... invoked by an orc priest
              (11 damage)
             ... on level 3 of the Dungeon.
             The game lasted 00:04:38 (4397 turns).

Descartes the Ducker (Felid Monk)                   Turns: 4397, Time: 00:04:38

Health: -8/21      AC:  1    Str:  8    XL:     4   Next: 85%
Magic:  5/5        EV: 20    Int: 12    God:
Gold:   142        SH:  0    Dex: 18    Spells: 3/3 levels left
                                        Lives:  0   Deaths: 1

rFire    . . .     SeeInvis +     - Unarmed
rCold    . . .     Faith    .   (shield unavailable)
rNeg     . . .     Spirit   .   (armour unavailable)
rPois    .         Reflect  .   (helmet unavailable)
rElec    .         Harm     .   (cloak unavailable)
rCorr    .         Rampage  .   (gloves unavailable)
Will     .....                  (boots unavailable)
Stlth    +++.......             (no amulet)
HPRegen  0.07/turn              (no ring)
MPRegen  0.09/turn              (no ring)

@: quick
A: very small, claws 1, fangs 3, see invisible, speed 1, shaggy fur 1, stealthy
paws, no weapons or thrown items, no armour, multi-lived
a: no special abilities


You were on level 3 of the Dungeon.
You visited 1 branch of the dungeon, and saw 3 of its levels.

You collected 142 gold pieces.

Inventory:

Wands
 c - a wand of iceblast (10)
Scrolls
 a - 2 scrolls of magic mapping {unknown}
 b - 2 scrolls of teleportation {unknown}
 d - a scroll of holy word
 e - a scroll of enchant armour
 g - a scroll of brand weapon
Potions
 f - a potion of attraction


   Skills:
 - Level 3.0 Fighting
 + Level 6.0 Dodging
 + Level 5.5 Stealth
 + Level 4.5 Unarmed Combat


You had 3 spell levels left.
You didn't know any spells.
Your spell library was empty.

Dungeon Overview and Level Annotations

Branches:
Dungeon (3/15)

Altars:
Elyvilon
Sif Muna
Vehumet
Zin


Innate Abilities, Weirdness & Mutations

You have sharp claws.
You have razor-sharp teeth.
You have supernaturally acute eyesight. (SInv)
You cover ground quickly. (Speed+)
You are covered in fur. (AC +1)
Your paws help you pounce on unaware monsters.
You are incapable of wielding weapons or throwing items.
You cannot wear armour.
You gain extra lives every three experience levels.


Message History

You scratch the orc but do no damage. The orc misses you.
You barely miss the orc. The orc misses you.
The orc priest shouts!
You scratch the orc.
The orc is heavily wounded.
The orc closely misses you.
You closely miss the orc.
The orc is heavily wounded.
The orc misses you.
You scratch the orc but do no damage.
The orc is heavily wounded.
The orc priest hits you with a +0 hand axe.
The orc hits you with a +0 hand axe.
You scratch the orc but do no damage. You bite the orc.
The orc is severely wounded.
The orc priest calls upon Beogh to heal the orc.
The orc is healed somewhat.
You scratch the orc priest but do no damage.
The orc priest is lightly wounded.
The orc misses you.
The orc priest begins to cast a cantrip, but forgets the words!
You scratch the orc priest but do no damage.
The orc priest is lightly wounded.
The orc hits you with a +0 hand axe.
The orc priest hits you with a +0 hand axe.
* * * LOW HITPOINT WARNING * * *
You are too injured to fight recklessly!
You are too injured to fight recklessly!
You are too injured to fight recklessly!
There are monsters nearby!
Okay, then.
You see here 10 gold pieces.
The orc priest miscasts a cantrip.
Things that are here:
a +0 dagger; a +0 flail; a +0 scale mail You see here the felid skeleton of Descartes.
The orc priest calls down the wrath of Beogh upon you.
Beogh smites you!
Ouch! That really hurt!
You die...

#.# #.# #.#.......... #.#
#.# #.#.#######.. #.# # #.#
#.#.#.....#.. #.# .# #.#
#.#.#.###.#.# ##.#####.# #.#
#.#.#........
#........#.#.###.#.####.##..
#.)..o.....#...........<....
##.#############....########
#..)÷o.o...@.#.............)
############.#........######
#.......# #.#....#...#....#
##.####.# #.#........#.##.#
#....#.# #.#....#......#.#
####.#.# #.#...........#.#
#.#.# #.#..#.#.#.#.##.#
#.#.####(#..#.#.#.#.....
#........#..#.#.#.####.#


You could see an orc priest and an orc.

Vanquished Creatures
  Jessica (D:3)
  Ijyb (D:3)
  Terence (D:3)
  A gnoll (D:1)
  9 adders
  2 dart slugs
  4 orcs (D:3)
  2 endoplasms
  3 giant cockroaches
  12 goblins
  8 hobgoblins
  3 jackals (D:3)
  3 quokkas
  3 ball pythons (D:1)
  5 bats
  4 frilled lizards
  3 kobolds
  7 rats
72 creatures vanquished.

Vanquished Creatures (others)
  5 fungi (D:2)
  A plant (D:2)
6 creatures vanquished.

Grand Total: 78 creatures vanquished

Notes
Turn   | Place    | Note
-------+----------+-------------------------------------------
     0 | D:1      | Descartes the Felid Monk began the quest for the Orb.
     0 | D:1      | Reached XP level 1. HP: 10/10 MP: 2/2
   263 | D:1      | Reached XP level 2. HP: 3/14 MP: 3/3
   688 | D:1      | Reached XP level 3. HP: 17/17 MP: 4/4
  1273 | D:2      | Found a faded altar of an unknown god.
  1292 | D:2      | Noticed Terence
  1699 | D:2      | Reached skill level 5 in Dodging
  1699 | D:2      | Reached XP level 4. HP: 21/21 MP: 5/5
  2772 | D:3      | Noticed Jessica
  2787 | D:3      | Killed Jessica
  2788 | D:3      | Reached XP level 5. HP: 5/24 MP: 6/6
  3035 | D:3      | Found a shimmering blue altar of Sif Muna.
  3035 | D:3      | Found a glowing silver altar of Zin.
  3036 | D:3      | Found a radiant altar of Vehumet.
  3037 | D:3      | Found a white marble altar of Elyvilon.
  3177 | D:3      | Reached skill level 5 in Stealth
  3557 | D:3      | Noticed Ijyb
  3578 | D:3      | Killed Ijyb
  3791 | D:3      | Killed Terence
  3792 | D:3      | Reached skill level 6 in Dodging
  4082 | D:3      | Slain by an orc priest
  4083 | D:3      | Reached XP level 4. HP: -5/21 MP: 5/5
  4397 | D:3      | Killed from afar by an orc priest

Illustrated notes

Levels and vault maps discovered:
D:1:      mrwooster_arrival_statue_3, layout_loops_ring
D:2:      kennysheep_the_goblin_king, layout_loops_corners,
          dreamdust_ecumenical_altar_grove, uniq_terence
D:3:      layout_basic, chequers_temple_overflow_statue_of_worship,
          uniq_jessica, uniq_ijyb

Skill      XL: |  1  2  3  4  5 |
---------------+----------------+-----
Stealth        | 3 4 5 |  5.5
Dodging        | 5 6 |  6.0
Unarmed Combat | 4 |  4.5
Fighting       | |  3.0

Action                   |  1- 3 |  4- 6 || total
-------------------------+-------+-------++-------
Melee: Unarmed           |    93 |   118 ||   211
       Bite              |     7 |     8 ||    15
       Punch             |       |     3 ||     3
  Use: Scroll            |       |     4 ||     4
 Stab: Sleeping          |    16 |     7 ||    23
Armor: Skin              |     4 |     2 ||     6
Dodge: Dodged            |    75 |    69 ||   144
